 Dungeon Crawl Stone Soup version 0.23-a0-208-gb6b040f (webtiles) character file.

42 pmoppi the Skirmisher (level 3, 0/29 HPs)
             Began as a Demonspawn Abyssal Knight on Sept 25, 2018.
             Was a Believer of Lugonu.
             Slain by a scorpion (4 damage)
             ... on level 2 of the Dungeon.
             The game lasted 00:02:43 (1387 turns).

pmoppi the Skirmisher (Demonspawn Abyssal Knight)   Turns: 1387, Time: 00:02:44

Health: 0/29       AC:  6    Str: 13    XL:     3   Next: 33%
Magic:  5/5        EV: 10    Int: 13    God:    Lugonu [**....]
Gold:   105        SH:  0    Dex: 12    Spells: 2/2 levels left

rFire    . . .     SeeInvis .   a - +1 hand axe
rCold    . . .     Gourm    .   (no shield)
rNeg     . . .     Faith    .   f - +0 ring mail (curse)
rPois    .         Spirit   .   (no helmet)
rElec    .         Reflect  .   h - +0 cloak
rCorr    .         Harm     .   (no gloves)
MR       .....                  (no boots)
Stlth    ++........             (no amulet)
HPRegen  0.09/turn              (no ring)
MPRegen  0.09/turn              (no ring)

@: lethally poisoned (0 -> -9)
A: nightstalker 1
a: Depart the Abyss, Bend Space, Renounce Religion


You were on level 2 of the Dungeon.
You worshipped Lugonu.
Lugonu was pleased with you.
You were not hungry.

You visited 1 branch of the dungeon, and saw 2 of its levels.
You visited the Abyss 1 time.

You collected 105 gold pieces.

Inventory:

Hand Weapons
 a - a +1 hand axe (weapon)
Armour
 b - a +0 leather armour
 d - a +0 buckler
 f - a cursed +0 ring mail (worn)
 h - a +0 cloak (worn)
Jewellery
 i - an uncursed ring of stealth {unknown}
Scrolls
 e - a scroll of teleportation {unknown}
 g - 3 scrolls of identify {unknown}
 j - 3 scrolls of remove curse {unknown}
Potions
 k - 2 potions of heal wounds {unknown}
Comestibles
 c - a ration


   Skills:
 + Level 3.3 Fighting
 * Level 2.5 Axes
 - Level 1.7 Armour
 - Level 0.8 Dodging
 + Level 1.0 Shields
 + Level 3.1 Invocations


You had 2 spell levels left.
You didn't know any spells.
Your spell library was empty.

Dungeon Overview and Level Annotations

Branches:
Dungeon (2/15)

Altars:


Innate Abilities, Weirdness & Mutations

You are slightly more attuned to the shadows.


Message History

You feel sick. The scorpion stings you!
You are lethally poisoned!
The scorpion poisons you!
You hit the scorpion but do no damage.
The scorpion is lightly wounded.
You feel sick. The scorpion misses you.
You hit the scorpion.
The scorpion is moderately wounded.
You feel sick. The scorpion stings you.
* * * LOW HITPOINT WARNING * * *
You completely miss the scorpion.
The scorpion is moderately wounded.
* * * LOW HITPOINT WARNING * * *
You feel sick.
The scorpion stings you but does no damage.
You hit the scorpion.
The scorpion is heavily wounded.
* * * LOW HITPOINT WARNING * * *
You feel sick. The scorpion stings you.
You die...

#.# #.#####(.#'### #.#
#.#..........#
#.####+###.#.###.#....##
#.......##.#.............
#.......##.......#........
#......>##.....÷.#........
#÷......##)......#....####
#.......##.#+#.#s######
#(####.###.# #.#@#
#.####.###.# #.#.#
#.......##.# #.#.#
#.......##.#.#.#.#
#.......##^#.#.#.#
#.......##.....#.#
#.......##.....#..
#..............#
..####.#.....#.#


You could see a scorpion.

Vanquished Creatures
  An adder (D:2)
  A dart slug (D:1)
  2 leopard geckos
  A ball python (D:1)
  10 bats
  3 hobgoblins
  2 frilled lizards (D:1)
  3 kobolds (D:1)
  4 rats (D:1)
27 creatures vanquished.

Notes
Turn   | Place    | Note
-------+----------+-------------------------------------------
     0 | Abyss:1  | pmoppi the Demonspawn Abyssal Knight began the quest for
                  | the Orb.
     0 | Abyss:1  | Reached XP level 1. HP: 18/18 MP: 2/2
     6 | D:1      | Escaped the Abyss
   299 | D:1      | Gained mutation: You are slightly more attuned to the
                  | shadows. [demonic ancestry]
   299 | D:1      | Reached XP level 2. HP: 21/24 MP: 4/4
   626 | D:1      | Reached ** piety under Lugonu
  1055 | D:2      | Reached XP level 3. HP: 28/29 MP: 5/5
  1370 | D:2      | Noticed a scorpion
  1382 | D:2      | Reached skill level 1 in Shields
  1387 | D:2      | Slain by a scorpion

Vault maps used:
D:1:      dpeg_arrival_simpleton_a, chequers_big_river
D:2:      cheibrodos_greedy_goblins, first_ration, serial_bayou_lake_a

Skill      XL: |  1  2  3 |
---------------+----------+-----
Axes           | 2 |  2.5
Invocations    | 3 |  3.1
Shields        | 1 |  1.0
Fighting       | |  3.3
Armour         | |  1.7
Dodging        | |  0.8

Action                   || total
-------------------------++-------
Melee: Hand axe          ||    97
 Stab: Sleeping          ||     3
  Eat: Chunk             ||     2
Armor: Leather armour    ||    21
       Ring mail         ||    39
Dodge: Dodged            ||    76

Table legend:
 A = Non-vault XP
 B = Vault XP
 C = Vault XP percentage of total XP
 D = Non-vault monster count
 E = Vault monster count
 F = Vault count percentage of total count
                 A         B        C        D         E       F
            +---------+---------+-------+---------+---------+-------
      Total |      60 |       0 |   0.0 |      27 |       0 |   0.0
            +---------+---------+-------+---------+---------+-------
        D:1 |      39 |       0 |   0.0 |      23 |       0 |   0.0
        D:2 |      21 |       0 |   0.0 |       4 |       0 |   0.0
            +---------+---------+-------+---------+---------+-------
